 Dungeon Crawl Stone Soup version 0.18.1-48-g4cf74bf (webtiles) character file.

765 tagomago the Grappler (level 7, -1/66 HPs)
             Began as a Troll Monk on July 13, 2016.
             Slain by a sky beast (6 damage)
             ... on level 5 of the Dungeon.
             The game lasted 00:10:54 (2985 turns).

tagomago the Grappler (Troll Monk)                  Turns: 2985, Time: 00:10:55

Health: -1/66      AC:  3    Str: 22    XL:     7   Next: 52%
Magic:  6/6        EV: 10    Int:  6    God:
Gold:   252        SH:  0    Dex: 12    Spells: 0 memorised, 6 levels left

rFire  + . .     SeeInvis +       - Unarmed
rCold  . . .     Gourm    +     (armour restricted)
rNeg   . . .     Faith    .     (no shield)
rPois  .         Spirit   .     (helmet restricted)
rElec  .         Dismiss  .     (no cloak)
rCorr  .         Reflect  .     (gloves unavailable)
SustAt .         Harm     .     (boots unavailable)
MR     .....                    (no amulet)
Stlth  +.........               j - ring of protection from fire
                                g - ring of see invisible

@: not resistant to hostile enchantments, very unstealthy
A: unfitting armour, claws 3, fast metabolism 3, gourmand, regeneration 2,
shaggy fur 1, tough skin 2
a: no special abilities


You were on level 5 of the Dungeon.
You were near starving.

You visited 1 branch of the dungeon, and saw 5 of its levels.
You also visited: Sewer.

You collected 252 gold pieces.

Inventory:

Armour
 a - a +0 robe
Jewellery
 g - a ring of see invisible (left claw)
 j - a ring of protection from fire (right claw)
Scrolls
 c - 2 scrolls of remove curse
 h - a scroll of enchant armour {unknown}
 i - 2 scrolls of blinking
 m - a scroll of noise {unknown}
 n - a scroll of fear {unknown}
 p - a scroll of identify {unknown}
 q - a scroll of magic mapping {unknown}
 s - a scroll of amnesia {unknown}
Potions
 d - 2 potions of magic {unknown}
 e - a potion of beneficial mutation {unknown}
 k - a potion of might {unknown}
 r - a potion of berserk rage {unknown}
Books
 o - a book of Air

   Spells                             Type                      Level
   a - Shock                          Conjuration/Air              1
   b - Swiftness                      Charms/Air                   2
   c - Repel Missiles                 Charms/Air                   2
   d - Static Discharge               Conjuration/Air              3
   e - Lightning Bolt                 Conjuration/Air              5
Comestibles
 b - 2 bread rations
 f - a meat ration
 l - 2 beef jerkies


   Skills:
 - Level 2.4 Fighting
 - Level 2.4 Dodging
 - Level 1.1 Stealth
 + Level 9.4 Unarmed Combat


You had 6 spell levels left.
You didn't know any spells.

Dungeon Overview and Level Annotations

Branches:
Dungeon (5/15)
 Temple: D:4-7

Altars:
Ashenzari
Trog
Zin


Innate Abilities, Weirdness & Mutations

You are too large for most types of armour.
You have claws for hands.
Your metabolism is lightning-fast.
You like to eat raw meat.
You heal very quickly.
You are covered in fur (AC +1).
You have very tough skin (AC +2).


Message History

The sky beast hits you. The sky beast shocks you.
You scratch the sky beast.
The sky beast is moderately wounded.
The sky beast hits you but does no damage.
You scratch the sky beast.
The sky beast is moderately wounded.
The sky beast hits you. The sky beast shocks you.
* * * LOW HITPOINT WARNING * * *
You barely miss the sky beast.
The sky beast is moderately wounded.
The sky beast hits you.
* * * LOW HITPOINT WARNING * * *
The sky beast shocks you.
* * * LOW HITPOINT WARNING * * *
You barely miss the sky beast.
The sky beast is moderately wounded.
The sky beast hits you.
* * * LOW HITPOINT WARNING * * *
The sky beast shocks you.
You die...

#...... #.# #.#####
#.# ##.##### #.# ###
#...>...
#.###.#####.......
#.##..............
#.###.######...... #
#Y###.######......
###.#@................
#....<....##########..
....####.#### ### #.
#.# # #.# ..... #.#
....# ..# .. ### .


You could see a sky beast (invisible).

Vanquished Creatures
  The ghost of crippledick the Digger, an amateur FoEE (D:4)
  Purgy (Sewer)
  An ogre (D:4)
  Blork the orc (D:5)
  A scorpion (D:4)
  A giant frog skeleton (D:4)
  2 worker ants (D:4)
  A hound skeleton (D:4)
  A howler monkey zombie (D:4)
  A river rat (D:4)
  9 adders
  3 worms
  2 dart slugs
  2 giant geckos
  2 orcs (D:4)
  8 giant cockroaches
  8 hobgoblins
  6 jackals (D:3)
  4 quokkas
  A ball python (D:3)
  10 bats
  5 giant newts
  3 goblins
  11 kobolds
  6 rats
91 creatures vanquished.

Notes
Turn   | Place    | Note
--------------------------------------------------------------
     0 | D:1      | tagomago the Troll Monk began the quest for the Orb.
     0 | D:1      | Reached XP level 1. HP: 22/22 MP: 0/0
   131 | D:1      | Reached XP level 2. HP: 25/29 MP: 1/1
   633 | D:2      | Reached skill level 5 in Unarmed Combat
   633 | D:2      | Reached XP level 3. HP: 34/36 MP: 2/2
   883 | D:2      | Reached XP level 4. HP: 44/44 MP: 3/3
  1012 | D:2      | Found a bloodstained altar of Trog.
  1258 | D:2      | Found a glowing silver altar of Zin.
  1281 | D:2      | Reached skill level 6 in Unarmed Combat
  1410 | D:3      | Found a faded altar to an unknown god.
  1846 | D:3      | Reached XP level 5. HP: 50/50 MP: 4/4
  2130 | D:4      | Noticed crippledick's ghost (amateur FoEE)
  2140 | D:4      | Killed crippledick's ghost
  2140 | D:4      | Reached skill level 7 in Unarmed Combat
  2140 | D:4      | Reached XP level 6. HP: 42/59 MP: 5/5
  2312 | D:4      | Reached skill level 8 in Unarmed Combat
  2461 | D:4      | Found a glowing drain.
  2486 | Sewer    | Entered a sewer
  2495 | Sewer    | Reached XP level 7. HP: 66/66 MP: 6/6
  2535 | Sewer    | Noticed Purgy
  2545 | Sewer    | Killed Purgy
  2797 | D:4      | Reached skill level 9 in Unarmed Combat
  2888 | D:5      | Entered Level 5 of the Dungeon
  2892 | D:5      | Found a shattered altar of Ashenzari.
  2968 | D:5      | Noticed Blork the orc
  2978 | D:5      | Killed Blork the orc
  2985 | D:5      | Slain by a sky beast

Skill      XL: |  1  2  3  4  5  6  7 |
---------------+----------------------+-----
Unarmed Combat | 5 6 7 8 9 |  9.4
Fighting       | |  2.4
Dodging        | |  2.4
Stealth        | |  1.1

Action                   |  1- 3 |  4- 6 |  7- 9 || total
-------------------------+-------+-------+-------++-------
Melee: Unarmed           |    68 |   115 |    37 ||   220
       Punch             |     1 |     4 |     2 ||     7
  Use: Scroll            |       |       |     2 ||     2
 Stab: Sleeping          |     3 |     2 |       ||     5
  Eat: Meat ration       |     1 |       |       ||     1
       Chunk             |       |     9 |     3 ||    12
       Bread ration      |       |     1 |       ||     1
       Fruit             |       |     2 |       ||     2
Armor: Robe              |    26 |    47 |     9 ||    82
       Skin              |       |       |     4 ||     4
Dodge: Dodged            |    38 |    72 |    16 ||   126
